Match 28615530
Unlisted

Match 28615530
End
Construct Barracks
Selects Advanced Infantry Battlegroup
M1 Mortar Team
Engineer Squad
Riflemen Squad
Riflemen Squad
Grenade Package
Selects Convert to Ranger Squad
Infantry Support Center
Construct Motor Pool
M8 Greyhound Armored Car
Selects Frontline Medical Station
Frontline Medical Station
Riflemen Squad
M1918 Browning Automatic Rifles
M1 Anti-tank Gun Team
Selects Infantry Assault
Advanced Logistics
M1 Anti-tank Gun Team
gameing
Friendly Mouse(Poxie)
Pob
xbubalo
Anevan
[OldMetal]Pepe
jhclover
Cheeki Bяeeki
0
0

Comments sign in to comment!

No comments posted yet!